 Dungeon Crawl Stone Soup version 0.22.1 (webtiles) character file.

586 troglodite the Slasher (level 7, -10/82 HPs)
             Began as a Demonspawn Berserker on Sept 17, 2018.
             Was an Elder of Trog.
             Mangled by a mummy (12 damage)
             ... in an ossuary.
             The game lasted 00:10:24 (4057 turns).

troglodite the Slasher (Demonspawn Berserker)       Turns: 4057, Time: 00:10:25

Health: -10/82     AC: 10    Str: 22    XL:     7   Next: 15%
Magic:  7/7        EV: 12    Int:  8    God:    Trog [****..]
Gold:   196        SH:  0    Dex: 15    Spells: 6/6 levels left

rFire    + . .     SeeInvis .   b - +4 mace "Gumnod" {flame, rF+ MR+ Stlth+}
rCold    . . .     Gourm    .   (no shield)
rNeg     . . .     Faith    .   d - +0 chain mail
rPois    .         Spirit   .   (no helmet)
rElec    .         Reflect  .   (no cloak)
rCorr    .         Harm     .   p - +0 pair of gloves
MR       +....                  (no boots)
Stlth    ..........             n - amulet of the acrobat
HPRegen  0.23/turn              f - +1 ring of evasion
MPRegen  0.10/turn              (no ring)

@: berserking, very quick
A: sturdy frame 2
a: Berserk, Trog's Hand, Brothers in Arms, Renounce Religion


You were in an ossuary.
You worshipped Trog.
Trog was greatly pleased with you.
You were very hungry.

You visited 1 branch of the dungeon, and saw 5 of its levels.
You also visited: Ossuary.

You collected 196 gold pieces.

Inventory:

Hand Weapons
 a - a +1 falchion
 b - the +4 mace "Gumnod" (weapon) {flame, rF+ MR+ Stlth+}
   (You found it on level 5 of the Dungeon)

   It has been specially enchanted to burn those struck by it, causing extra
   injury to most foes and up to half again as much damage against particularly
   susceptible opponents.
   It protects you from fire.
   It affects your resistance to hostile enchantments.
   It makes you more stealthy.
Armour
 d - a +0 chain mail (worn)
 p - a +0 pair of gloves (worn)
Jewellery
 f - a +1 ring of evasion (left hand)
 n - an amulet of the acrobat (around neck)
Scrolls
 g - 2 scrolls of identify
 h - a scroll of remove curse
 k - 2 scrolls of enchant weapon
 q - 3 scrolls of fog {unknown}
 r - 3 scrolls of amnesia {unknown}
 s - a scroll of teleportation {unknown}
 t - a scroll of fear {unknown}
Potions
 e - 3 potions of lignification
 o - 5 potions of curing
 u - a potion of heal wounds
Comestibles
 c - 7 rations
 m - a chunk of flesh


   Skills:
 * Level 4.3 Fighting
 + Level 4.9 Long Blades
 * Level 3.7 Armour
 * Level 3.8 Dodging
 + Level 0.3 Stealth


You had 6 spell levels left.
You didn't know any spells.
Your spell library was empty.

Dungeon Overview and Level Annotations

Branches:
Dungeon (5/15)
 Temple: D:4-7

Altars:
Fedhas
Gozag
Hepliaklqana
Okawaru
Qazlal
Sif Muna
Wu Jian
Zin

Shops:
D:4 }


Innate Abilities, Weirdness & Mutations

Your movements are less encumbered by armour. (ER -4)


Message History

The mummy is moderately damaged.
The mummy hits you. The mummy hits you!
* * * LOW HITPOINT WARNING * * *
The mummy hits you but does no damage.
You are too injured to fight recklessly!
A red film seems to cover your vision as you go berserk!
You feel yourself moving faster!
You feel mighty!
You are feeling very hungry.
You barely miss the mummy.
The mummy is moderately damaged.
The mummy hits you!
* * * LOW HITPOINT WARNING * * *
The mummy hits you!
* * * LOW HITPOINT WARNING * * *
The mummy closely misses you.
You sock the mummy! You burn the mummy!
You destroy the mummy!
Trog accepts your kill. The mummy hits you!
You die...

+.....+
##.....##
#...^...#
#.......#
#...∩...#
#.......#
#...∩...#
#.......#
#..@M...#
##..M..##
#.....#
##...##
#####


You could see 2 mummies.

Vanquished Creatures
  A phantom (D:4)
  An ogre (D:5)
  2 hounds
  An orc wizard (D:3)
  Jessica (D:2)
  A worker ant (D:2)
  A hound skeleton (D:4)
  A mummy (Ossuary)
  4 adders
  10 gnolls
  An ooze (D:3)
  An adder skeleton (D:4)
  2 dart slugs
  2 leopard geckos
  7 orcs (D:3)
  2 ball pythons (D:1)
  10 bats
  4 giant cockroaches
  13 goblins
  14 hobgoblins
  5 quokkas
  7 frilled lizards
  10 kobolds
  A quokka skeleton (D:4)
  6 rats
108 creatures vanquished.

Notes
Turn   | Place    | Note
-------+----------+-------------------------------------------
     0 | D:1      | troglodite the Demonspawn Berserker began the quest for the
                  | Orb.
     0 | D:1      | Reached XP level 1. HP: 18/18 MP: 1/1
   189 | D:1      | Gained mutation: Your movements are slightly less
                  | encumbered by armour. (ER -2) [demonic ancestry]
   189 | D:1      | Reached XP level 2. HP: 21/24 MP: 2/2
   757 | D:1      | Reached XP level 3. HP: 29/29 MP: 3/3
   982 | D:2      | Reached ** piety under Trog
  1017 | D:2      | Noticed Jessica
  1024 | D:2      | Killed Jessica
  1031 | D:2      | Reached XP level 4. HP: 35/37 MP: 4/4
  1561 | D:2      | Gained mutation: Your movements are less encumbered by
                  | armour. (ER -4) [demonic ancestry]
  1561 | D:2      | Reached XP level 5. HP: 12/42 MP: 5/5
  2289 | D:2      | Found a deep blue altar of Sif Muna.
  2549 | D:2      | Found a glowing silver altar of Zin.
  2550 | D:2      | Found an opulent altar of Gozag.
  2605 | D:3      | Reached *** piety under Trog
  2638 | D:3      | Found an ornate altar of the Wu Jian Council.
  3133 | D:3      | Reached XP level 6. HP: 48/48 MP: 6/6
  3506 | D:4      | Found a hazy altar of Hepliaklqana.
  3516 | D:4      | Found an iron altar of Okawaru.
  3677 | D:4      | Found Tuzej's Gadget Boutique.
  3862 | D:4      | Found a stormy altar of Qazlal.
  3897 | D:5      | Entered Level 5 of the Dungeon
  3909 | D:5      | Reached XP level 7. HP: 55/55 MP: 7/7
  3987 | D:5      | Found a blossoming altar of Fedhas.
  4000 | D:5      | Found a sand-covered staircase.
  4003 | D:5      | Reached **** piety under Trog
  4024 | D:5      | Got a brightly glowing mace
  4025 | D:5      | Identified the +4 mace "Gumnod" {flame, rF+ MR+ Stlth+}
                  | (You found it on level 5 of the Dungeon)
  4047 | Ossuary  | Entered an ossuary
  4056 | Ossuary  | HP: 2/82 [mummy (10)]
  4057 | Ossuary  | Mangled by a mummy

Skill      XL: |  1  2  3  4  5 |
---------------+----------------+-----
Dodging        | 2 3 |  3.8
Long Blades    | 3 4 |  4.9
Armour         | 2 3 |  3.7
Fighting       | 4 |  4.3
Stealth        | |  0.3

Action                   |  1- 3 |  4- 6 |  7- 9 || total
-------------------------+-------+-------+-------++-------
Melee: Falchion          |   108 |   253 |     2 ||   363
       Mace              |       |       |     6 ||     6
Invok: Berserk           |     1 |     4 |     1 ||     6
  Use: Scroll            |       |       |     9 ||     9
  Eat: Chunk             |     1 |    12 |     2 ||    15
Armor: Chain mail        |    85 |   109 |     3 ||   197
Dodge: Dodged            |    63 |   178 |     1 ||   242
       Rpst.: Falchion   |    19 |    47 |       ||    66
